 Dungeon Crawl Stone Soup version 0.27-a0-906-g0a00ce863d (webtiles) character file.

Game seed: 16867978596425018712

0 Lanoc the Chopper (level 1, -3/14 (16) HPs)
             Began as a Formicid Gladiator on Apr 7, 2021.
             Slain by a kobold
             ... wielding a +0 whip
              (5 damage)
             ... on level 1 of the Dungeon.
             The game lasted 00:00:07 (71 turns).

Lanoc the Chopper (Formicid Gladiator)                Turns: 71, Time: 00:00:08

HP:   -3/14 (16)    AC:  3    Str: 18    XL:     1   Next: 0%
MP:   1/1           EV: 12    Int:  7    God:
Gold: 6             SH:  0    Dex: 12    Spells: 0/0 levels left

rFire    . . .     SeeInvis +   a - +0 war axe
rCold    . . .     Faith    .   (no shield)
rNeg     . . .     Spirit   .   b - +0 leather armour
rPois    .         Reflect  .   (helmet unavailable)
rElec    .         Harm     .   (no cloak)
rCorr    +         Rampage  .   (no gloves)
Will     .....                  (no boots)
Stlth    +.........             (no amulet)
HPRegen  0.04/turn              d - ring of resist corrosion
MPRegen  0.07/turn              (no ring)

@: heavily drained
A: permanent stasis, dig shafts and tunnels, antennae 3, four strong arms
a: Dig, Shaft Self


You were on level 1 of the Dungeon.
You visited 1 branch of the dungeon, and saw 1 of its levels.

You collected 6 gold pieces.

Inventory:

Hand Weapons
 a - a +0 war axe (weapon)
Missiles
 c - 3 throwing nets (quivered)
Armour
 b - a +0 leather armour (worn)
Jewellery
 d - a ring of resist corrosion (left hand)


   Skills:
 + Level 2.1 Fighting
 * Level 3.0 Axes
 - Level 2.0 Throwing
 + Level 2.6 Dodging


You couldn't memorise any spells.
You didn't know any spells.
Your spell library was empty.

Dungeon Overview and Level Annotations

Branches:
Dungeon (1/15)

Altars:


Innate Abilities, Weirdness & Mutations

You cannot be hasted, slowed, berserked, paralysed or teleported.
You can dig through walls and to a lower floor.
You have a pair of large antennae on your head. (SInv)
Your four strong arms can wield two-handed weapons with a shield.


Message History

Welcome, Lanoc the Formicid Gladiator.
The bosom of this dungeon contains the legendary artefact, the Orb of Zot.
Press ? for a list of commands and other information.
Found a cabochon ring.
Found a staircase leading out of the dungeon.
d - a ring of resist corrosion
d - a ring of resist corrosion (left hand)
Found 20 stones.
You now have 6 gold pieces.
There is a staircase leading out of the dungeon here.
A kobold comes into view. It is wielding a +2 dagger of draining.
A kobold comes into view. It is wielding a +0 whip.
The kobold shouts! x2
Found 11 gold pieces.
You hit the kobold but do no damage. The kobold hits you but does no damage.
You feel drained.
You miss the kobold.
The kobold hits you with a +2 dagger of draining.
You feel drained. The kobold closely misses you.
You completely miss the kobold. You barely miss the kobold.
The kobold misses you. The kobold hits you with a +0 whip.
The kobold closely misses you.
You slash the kobold!
You kill the kobold!
You hit the kobold. The kobold hits you with a +0 whip.
* * * LOW HITPOINT WARNING * * *
The kobold hits you with a +0 whip.
You die...

##........###.<.##
#.......(###.....#
#........# ##.#..#
##..#...## #.##.#
#..#...## ##.####
##.##...# #...#
#.##...## #.#..##
####...# #.#...#
#.#...## #..#.@#
##.....# ##.#.)K#
#....## .###.#..
###...# #. #....#
#....## .. #.. .#
##...# #. #.$..#
#.### ##.. # ###
##.


You could see a kobold.

Vanquished Creatures
  A kobold (D:1)
1 creature vanquished.

Notes
Turn   | Place    | Note
-------+----------+-------------------------------------------
     0 | D:1      | Lanoc the Formicid Gladiator began the quest for the Orb.
     0 | D:1      | Reached XP level 1. HP: 16/16 MP: 1/1
    71 | D:1      | Slain by a kobold

Illustrated notes

Levels and vault maps discovered:
D:1:      dpeg_arrival_arbitrary_a, layout_basic, basic_ecumenical_altar,
          hangedman_decor_clover_reticule

Action                   || total
-------------------------++-------
Melee: War axe           ||     4
Armor: Leather armour    ||     1
Dodge: Dodged            ||     3

Table legend: (Time is in decaauts)
 A = Elapsed time spent in this place.
 B = Non-inter-level travel time spent in this place.
 C = Inter-level travel time spent in this place.
 D = Time resting spent in this place.
 E = Time spent auto-exploring this place.
 F = Levels seen in this place.
 G = Mean time per level.
                   A        B        C        D        E       F      G
               +--------+--------+--------+--------+--------+-----+--------+
         Total |     71 |     71 |      0 |      0 |     62 |   1 |   71.0 |
       Dungeon |     71 |     71 |      0 |      0 |     62 |   1 |   71.0 |
               +--------+--------+--------+--------+--------+-----+--------+

Top non-repeatable levels by time:
     D:1: 71 daAuts
